 Dungeon Sprint DCSS version 0.31-a0-841-g038b102fc3 (webtiles) character file.

Game seed: 6363763039465929704

1537 sircluck the Grappler (level 8, -13/139 HPs)
             Began as a Troll Berserker on Sept 27, 2023.
             Was a Priest of Trog.
             Mangled by a hell knight
             ... wielding a +5 halberd of pain
              (23 damage)
             ... in the Dungeon (Sprint VII: "The Pits").
             The game lasted 00:00:46 (205 turns).

sircluck the Grappler (Troll Berserker)              Turns: 205, Time: 00:00:46

Health: -13/139    AC:  4    Str: 28    XL:     8   Next: 56%
Magic:  7/7        EV:  9    Int:  3    God:    Trog [***...]
Gold:   0          SH:  0    Dex:  9    Spells: 7/7 levels left

rFire   . .          .
                       - Unarmed
rCold   . . .        (no shield)
rNeg    . . .        a - +0 animal skin
rPois   .            (helmet restricted)
rElec   .            (no cloak)
rCorr   .            (gloves unavailable)
SInv    .            (boots unavailable)
Will    .....        (no amulet) Stlth
                     (no ring)
HPRegen 1.23/turn    (no ring)
MPRegen 0.10/turn

%: no teleportation
@: berserking, constricted, very quick
A: large, unfitting armour, claws 3, regeneration 1, shaggy fur 1, tough skin 1
a: Renounce Religion, Berserk, Trog's Hand


You were in the Dungeon.
You worshipped Trog.
Trog was most pleased with you.
You visited 1 branch

Inventory:

Armour
 a - a +0 animal skin (worn)
Scrolls
 g - a scroll of blinking
Potions
 b - a potion of curing
 c - a potion of heal wounds
 d - a potion of haste
 e - 2 potions of magic
 f - a potion of berserk rage


   Skills:
 + Level 9.9 Fighting
 + Level 9.7 Dodging
 + Level 11.5 Unarmed Combat


You had 7 spell levels left.
You didn't know any spells.
Your spell library was empty.

Dungeon Overview and Level Annotations

Branches:
Dungeon (1/1)

Altars:
Ashenzari
Cheibriados
Dithmenos
Elyvilon
Fedhas
Gozag
Hepliaklqana
Kikubaaqudgha
Makhleb
Nemelex Xobeh
Okawaru
Qazlal
Ru
Sif Muna
Trog
Uskayaw
Vehumet
Wu Jian
Xom
Yredelemnul
Zin
The Shining One
Jiyva
Lugonu


Innate Abilities, Weirdness & Mutations

You are too large for most types of armour.
You have claws for hands.
Your natural rate of healing is unusually fast.
You are covered in fur. (AC +1)
You have tough skin. (AC +1)


Message History

You claw the demonic crawler!
The demonic crawler is severely wounded.
The demonic crawler hits you!
The demonic crawler completely misses you.
The demonic crawler hits you.
You mangle the demonic crawler!!
You kill the demonic crawler!
Trog accepts your kill.
A hell knight comes into view. It is wielding a +0 halberd.
You hear some strange, mumbled words.
The deep elf zephyrmancer gestures wildly while chanting.
The deep elf zephyrmancer blinks!
The hell knight hits you with a +5 halberd of pain!
A redback comes into view.
You hear a shout!
Your Dodging skill increases to level 9!
Your Unarmed Combat skill increases to level 11!
You have reached level 8!
Unknown command.
You miss the anaconda.
You hear an angry hiss.
You hear a shout!
The anaconda completely misses you. The anaconda bites you.
You mangle the anaconda!!
The anaconda is heavily wounded.
The anaconda closely misses you. The anaconda bites you!
The hell knight hits you from afar with a +0 halberd.
The hell knight hits you with a +5 halberd of pain!
* * * LOW HITPOINT WARNING * * *
The deep elf zephyrmancer closely misses you.
You mangle the anaconda!!
The anaconda is severely wounded.
The anaconda grabs you. The anaconda barely misses you.
The anaconda constricts you.
* * * LOW HITPOINT WARNING * * *
The hell knight hits you from afar with a +0 halberd!!
* * * LOW HITPOINT WARNING * * *
The deep elf zephyrmancer mumbles some strange words.
The deep elf zephyrmancer blinks!
The hell knight hits you with a +5 halberd of pain!!
You die...

######################
#.............p......+
#............e@ยง.....+
#..###########S####..#
#..#


p#W #..# E# #y #..# ?# #{ #..# |# ## #..# s# #..###############
###................. You could see 2 hell knights, an anaconda, an earth
elemental, a freezing wraith, a deep elf zephyrmancer, a redback and a killer
bee.

Vanquished Creatures
  A deep elf demonologist (D)
  A demonic crawler (D)
  A wyvern (D)
  2 orc priests (D)
  An orc wizard (D)
  A gnoll (D)
  An orc (D)
8 creatures vanquished.

Notes
Turn   | Place    | Note
-------+----------+-------------------------------------------
     0 | D        | sircluck the Troll Berserker began the quest for the Orb.
     0 | D        | Reached XP level 1. HP: 22/22 MP: 0/0
    11 | D        | Noticed an orc priest
    11 | D        | Noticed an orc wizard
    13 | D        | Noticed a wyvern
    27 | D        | Killed an orc priest
    28 | D        | Reached skill level 4 in Unarmed Combat
    28 | D        | Reached XP level 2. HP: 19/32 MP: 1/1
    28 | D        | Reached XP level 3. HP: 23/39 MP: 2/2
    31 | D        | Reached ** piety under Trog
    32 | D        | Reached skill level 5 in Unarmed Combat
    37 | D        | Killed a wyvern
    38 | D        | Reached skill level 7 in Unarmed Combat
    38 | D        | Reached XP level 4. HP: 4/52 MP: 3/3
    38 | D        | Reached XP level 5. HP: 5/59 MP: 4/4
   118 | D        | Reached *** piety under Trog
   123 | D        | Found a bloodstained altar of Trog.
   123 | D        | Found a shimmering blue altar of Sif Muna.
   123 | D        | Found a viscous altar of Jiyva.
   123 | D        | Found a hazy altar of Hepliaklqana.
   123 | D        | Found an opulent altar of Gozag.
   124 | D        | Found a glowing golden altar of the Shining One.
   124 | D        | Found a glowing silver altar of Zin.
   124 | D        | Found a basalt altar of Yredelemnul.
   124 | D        | Found a shimmering altar of Xom.
   124 | D        | Found an ornate altar of the Wu Jian Council.
   124 | D        | Found a sacrificial altar of Ru.
   124 | D        | Found a stormy altar of Qazlal.
   124 | D        | Found an iron altar of Okawaru.
   124 | D        | Found a sparkling altar of Nemelex Xobeh.
   124 | D        | Found a burning altar of Makhleb.
   124 | D        | Found a blossoming altar of Fedhas.
   124 | D        | Found a white marble altar of Elyvilon.
   124 | D        | Found a shadowy altar of Dithmenos.
   124 | D        | Found a snail-covered altar of Cheibriados.
   128 | D        | Found a corrupted altar of Lugonu.
   128 | D        | Found a radiant altar of Vehumet.
   129 | D        | Found a broken altar of Ashenzari.
   129 | D        | Found an ancient bone altar of Kikubaaqudgha.
   129 | D        | Found a hide-covered altar of Uskayaw.
   193 | D        | Noticed a vampire mage
   193 | D        | Noticed a vampire
   193 | D        | Noticed a deep elf knight
   193 | D        | Noticed a deep elf zephyrmancer
   193 | D        | Noticed a deep elf demonologist
   193 | D        | Noticed a demonic crawler
   196 | D        | Noticed an anaconda
   196 | D        | Noticed a freezing wraith
   197 | D        | Noticed a soul eater
   198 | D        | Killed a deep elf demonologist
   198 | D        | Noticed a hell knight
   199 | D        | Reached skill level 10 in Unarmed Combat
   199 | D        | Reached XP level 6. HP: 75/75 MP: 5/5
   199 | D        | Reached XP level 7. HP: 83/83 MP: 6/6
   202 | D        | Killed a demonic crawler
   202 | D        | Noticed a hell knight
   202 | D        | Noticed a redback
   203 | D        | Reached skill level 11 in Unarmed Combat
   203 | D        | Reached XP level 8. HP: 73/93 MP: 7/7
   205 | D        | Mangled by a hell knight

Illustrated notes

Levels and vault maps discovered:
D:        pitsprint [storerooms_1, entrance_room_1, metal_vault_3, armoury_2,
          mini_pit_1, grid_room_1, main_hall_1, silver_pit, the_coven_1,
          the_vestibule_1, steel_vault_4, golden_pit, hallway_of_sentries,
          crystal_vault_4, iron_vault_5, final_vault]

Skill      XL: |  1  2  3  4  5  6  7 |
---------------+----------------------+-----
Fighting       | 3 6 9 |  9.9
Dodging        | 3 6 8 9 |  9.7
Unarmed Combat | 4 7 10 11 | 11.5

Action                     |  1- 3 |  4- 6 |  7- 9 || total
---------------------------+-------+-------+-------++-------
  Melee: Unarmed           |    11 |    10 |     7 ||    28
 Invoke: Berserk           |     1 |     1 |       ||     2
 Armour: Animal skin       |     7 |     3 |    11 ||    21
  Dodge: Dodged            |     3 |     2 |     6 ||    11

Table legend: (Time is in decaauts)
 A = Elapsed time spent in this place.
 B = Non-inter-level travel time spent in this place.
 C = Inter-level travel time spent in this place.
 D = Time resting spent in this place.
 E = Time spent auto-exploring this place.
 F = Levels seen in this place.
 G = Mean time per level.
                   A        B        C        D        E       F      G
               +--------+--------+--------+--------+--------+-----+--------+
         Total |    206 |    206 |      0 |     27 |     66 |   1 |  206.0 |
       Dungeon |    206 |    206 |      0 |     27 |     66 |   1 |  206.0 |
               +--------+--------+--------+--------+--------+-----+--------+

Top non-repeatable levels by time:
       D: 206 daAuts
